 Dungeon Crawl Stone Soup version 0.31.0-2-g5a2aebc5c2 (webtiles) character file.

Game seed: 10668037202340983669

216321 solopath the Shatterer (level 19, 0/331 HPs)
             Began as an Oni Berserker on Jan 20, 2024.
             Was the Champion of Trog.
             Slain by a naga
             ... wielding a +0 long sword
              (2 damage)
             ... on level 4 of the Snake Pit.
             The game lasted 01:09:25 (27681 turns).

solopath the Shatterer (Oni Berserker)             Turns: 27681, Time: 01:09:25

Health: 0/331      AC: 17    Str: 31    XL:     19   Next: 44%
Magic:  0/19       EV:  6    Int: 15    God:    Trog [******]
Gold:   432        SH:  0    Dex:  7    Spells: 18/18 levels left

rFire   + + +        R - +10 giant spiked club (flame)
rCold   + + .        (shield currently unavailable)
rNeg    . . .        O - +0 troll leather armour
rPois   +            q - +2 hat "Kaideir" {rC+}
rElec   .            U - +2 cloak of the Little Devil {rPois rF+++ rC+ Int+3}
rCorr   .            (gloves unavailable)
SInv    .            (boots unavailable)
Will    ++...        f - amulet of guardian spirit Stlth
                     c - +4 ring of protection
HPRegen 1.55/turn    D - ring of willpower
MPRegen 0.16/turn

%: clarity, guardian spirit
@: berserking, lethally poisoned (0 -> -24), weakened, constricted, very quick
A: large, unfitting armour, horns 1, tough skin 1, double potion healing,
drunken brawling, iridescent scales 1, clarity, clever 1, passive freeze
a: Renounce Religion, Berserk, Trog's Hand, Brothers in Arms


You were on level 4 of the Snake Pit.
You worshipped Trog.
Trog was exalted by your worship.
You visited 5 branches of the dungeon, and saw 27 of its levels.
You also visited: Sewer, Ice Cave and Volcano.

You collected 2287 gold pieces.
You spent 1855 gold pieces at shops.

Inventory:

Hand Weapons
 s - the +8 giant spiked club of Disgust {antimagic, *Rage rElec rF+++ rC+}
   (Trog gifted it to you on level 1 of the Snake Pit)

   rF+++:     It renders you almost immune to fire.
   rC+:       It protects you from cold.
   rElec:     It insulates you from electricity.
   *Rage:     It berserks you when you make melee attacks (+20% chance).
 I - a +0 whip
 R - a +10 giant spiked club of flaming (weapon)
Missiles
 b - 10 silver javelins
 e - 7 curare-tipped darts
 o - 29 poisoned darts
 Q - 10 large rocks (quivered)
Armour
 q - the +2 hat "Kaideir" (worn) {rC+}
   (You acquired it on level 5 of the Lair of Beasts)

   rC+:       It protects you from cold.
 O - a +0 troll leather armour (worn)
 U - the +2 cloak of the Little Devil (worn) {rPois rF+++ rC+ Int+3}
   (You bought it in a shop on level 2 of the Snake Pit)

   Int+3:     It affects your intelligence (+3).
   rF+++:     It renders you almost immune to fire.
   rC+:       It protects you from cold.
   rPois:     It protects you from poison
Jewellery
 c - a +4 ring of protection (left hand)
 f - an amulet of guardian spirit (around neck)
 g - a ring of see invisible
 w - a ring of ice
 D - a ring of willpower (right hand)
 W - a ring of flight
 X - a ring of positive energy
Wands
 h - a wand of paralysis (11)
 n - a wand of light (7)
 p - a wand of roots (9)
 u - a wand of flame (33)
 C - a wand of polymorph (10)
 M - a wand of mindburst (6)
Scrolls
 k - 4 scrolls of fear
 m - a scroll of enchant weapon
 r - a scroll of torment
 v - 3 scrolls of fog
 y - a scroll of silence
 A - 8 scrolls of teleportation
 E - a scroll of immolation
 G - 3 scrolls of identify
 H - 5 scrolls of blinking
 J - 2 scrolls of poison
 K - 4 scrolls of enchant armour
 L - a scroll of vulnerability
 N - 2 scrolls of revelation
Potions
 a - 4 potions of heal wounds
 d - 3 potions of haste
 i - 2 potions of lignification
 j - 11 potions of curing
 l - 3 potions of resistance
 t - 2 potions of enlightenment
 z - 4 potions of ambrosia
 F - 2 potions of might
 P - 2 potions of invisibility
 S - 2 potions of magic
 T - 3 potions of attraction
 V - 2 potions of mutation
 Y - 2 potions of berserk rage
Miscellaneous
 x - a phial of floods


   Skills:
 + Level 20.6 Fighting
 - Level 22.0 Maces & Flails
 - Level 12.0 Throwing
 + Level 11.5 Armour
 - Level 2.6 Dodging
 + Level 7.4 Evocations


You had 18 spell levels left.
You didn't know any spells.
Your spell library was empty.

Dungeon Overview and Level Annotations

Branches:
Dungeon (15/15)            Temple (1/1) D:4            Lair (5/5) D:9
 Shoals (0/4) Lair:2        Snake (4/4) Lair:3        Slime (0/5) Lair:4
    Orc (2/2) D:12            Elf (0/3) Orc:2        Vaults (0/5) D:13
 Depths (0/4) D:15          Sewer (visited)           IceCv (visited)
Volcano (visited)

Altars:
Ashenzari
Cheibriados
Dithmenos
Elyvilon
Fedhas
Gozag
Hepliaklqana
Kikubaaqudgha
Makhleb
Nemelex Xobeh
Okawaru
Qazlal
Ru
Sif Muna
Trog
Uskayaw
Vehumet
Wu Jian
Xom
Yredelemnul
Zin
The Shining One
Jiyva

Shops:
D:5 [   D:12 *(?[:   Orc:2 (*[[   Snake:2 :=:?*[!*   Snake:4 (


Innate Abilities, Weirdness & Mutations

You are too large for most types of armour.
You have a pair of small horns on your head.
You have tough skin. (AC +1)
You gain doubled healing and magic from potions.
Whenever you drink a healing potion, you attack all around you.
You are partially covered in iridescent scales. (AC +2)
You possess an exceptional clarity of mind.
Your mind is acute. (Int +4, Str/Dex -1)
A frigid envelope surrounds you and freezes all who hurt you.


Message History

You resist.
* * * LOW HITPOINT WARNING * * *
The nagaraja constricts you.
* * * LOW HITPOINT WARNING * * *
A red film seems to cover your vision as you go berserk!
You feel yourself moving faster!
You feel mighty!
You feel extremely sick. The naga closely misses you.
The nagaraja points at you and mumbles some strange words.
The poison arrow hits you!
You are more poisoned.
You partially resist.
* * * LOW HITPOINT WARNING * * *
The nagaraja constricts you.
* * * LOW HITPOINT WARNING * * *
You impale the nagaraja!! You burn the nagaraja.
The nagaraja is severely wounded.
* * * LOW HITPOINT WARNING * * *
You feel very sick.
The nagaraja mumbles some strange words.
The nagaraja seems to speed up.
The nagaraja constricts you.
* * * LOW HITPOINT WARNING * * *
The naga spits poison at you.
The splash of poison hits you but does no damage.
You resist.
You barely miss the nagaraja.
The nagaraja is severely wounded.
* * * LOW HITPOINT WARNING * * *
You feel very sick.
Unknown command.
You closely miss the nagaraja.
The nagaraja is severely wounded.
* * * LOW HITPOINT WARNING * * *
You feel very sick. The nagaraja hits you with a +0 flail!!
* * * LOW HITPOINT WARNING * * *
The nagaraja is very cold.
The nagaraja is severely wounded.
The nagaraja constricts you. The naga hits you with a +0 long sword.
You die...

#......# ####.......# #......#
##)...... #......# ##)..#...
#......# ####.......#
######......#####...†......#
#####.........................##
##................#..........###
...............NNN#[......####
................@.....#####
......#####..[...###### ...####
#..)...# ..## #...#..# ..##
#...)).# ...#### #......#
########
......#####..)...######......####
.............................)...
.........#........[.......))[.†.÷


You could see a nagaraja (fast), a salamander tyrant and a naga (catching
breath).

Vanquished Creatures
  Vashnia (Snake:4)
  An Ice Fiend (IceCv)
  Agnes (D:15)
  Kirke (D:12)
  5 nagarajas
  An ironbound preserver (D:13)
  A dire elephant (Lair:5)
  A great orb of eyes (D:15)
  2 salamander tyrants (Snake:4)
  Fannar (D:12)
  A caustic shrike simulacrum (IceCv)
  A rakshasa (D:15)
  8 hydras
  Erica (D:9)
  An ogre mage (D:15)
  A catoblepas (Lair:5)
  4 anacondas
  3 boulder beetles
  6 centaur warriors
  7 two-headed ogres
  A deep troll shaman (Lair:5)
  6 death yaks (Lair:5)
  15 naga warriors
  4 orc high priests (Orc:2)
  20 naga sharpshooters
  8 shock serpents
  A soul eater (D:10)
  A tengu warrior (D:13)
  Urug (D:13)
  A hell knight (Volcano)
  A skeletal warrior (D:13)
  3 salamander mystics (Snake:4)
  A skyshark (Lair:2)
  5 naga ritualists
  An obsidian statue (IceCv)
  A lindwurm (Lair:5)
  9 mana vipers
  6 spriggan simulacra (IceCv)
  A bog body (IceCv)
  Pikel (D:9)
  7 orc sorcerers
  5 orc knights
  4 manticores
  9 ugly things
  22 elephants
  16 salamanders
  6 kobold blastminers
  2 cyclopes (D:15)
  A centaur zombie (D:10)
  3 guardian serpents
  A meliai (D:9)
  36 black mambas
  15 naga magi
  5 molten gargoyles
  2 torpor snails (Lair:4)
  A smoke demon (Volcano)
  10 cane toads
  An unseen horror (shapeshifter) (D:13)
  An orange demon (D:10)
  A gargoyle (Volcano)
  A yaktaur (shapeshifter) (D:15)
  2 efreet
  6 rime drakes
  2 freezing wraiths (IceCv)
  4 komodo dragons
  An anaconda simulacrum (IceCv)
  A red devil (Volcano)
  6 ice devils (IceCv)
  A queen bee (D:9)
  2 polar bears
  A queen bee (shapeshifter) (D:14)
  4 trolls
  21 blink frogs
  A blink frog (shapeshifter) (D:15)
  2 alligator simulacra (IceCv)
  2 hornets (D:9)
  4 shadows
  18 slime creatures
  5 wyverns
  A vampire (D:11)
  2 dire elephant simulacra (IceCv)
  5 wraiths
  53 yaks
  2 ynoxinuls (D:10)
  A golden eye (shapeshifter) (D:9)
  2 fire bats (Volcano)
  A redback (shapeshifter) (D:15)
  3 basilisks
  A steam dragon (D:8)
  7 hogs (D:12)
  11 vampire mosquitoes
  Menkaure (D:6)
  10 minotaur simulacra (IceCv)
  2 harpy simulacra (IceCv)
  55 nagas
  A hell hound (Volcano)
  An acid dragon (D:11)
  18 water moccasins
  7 orc warriors
  Pargi (Sewer)
  A sky beast (D:7)
  4 black bears
  9 ogres
  3 ice beasts
  4 wolves (Lair:5)
  15 centaurs
  2 phantoms
  3 kobold brigands
  A brain worm (Sewer)
  10 bullfrogs
  2 gnoll sergeants
  4 scorpions
  9 deep troll simulacra (IceCv)
  21 killer bees
  A lindwurm simulacrum (IceCv)
  2 electric eels
  2 howler monkeys (D:7)
  6 lava snakes
  3 quasits
  2 hounds
  5 jellies
  A bombardier beetle (D:4)
  14 orc priests
  A gnoll bouda (D:5)
  4 iguanas
  Ijyb (D:4)
  24 orc wizards
  Terence (D:3)
  13 hell rats
  A howler monkey zombie (D:10)
  6 gnolls
  3 river rats (D:3)
  5 adders
  2 shadow imps
  A white imp (D:6)
  A dart slug (D:2)
  3 ribbon worms (D:3)
  45 orcs
  6 endoplasms
  6 giant cockroaches
  12 goblins
  9 hobgoblins
  2 quokkas
  8 ball pythons
  7 bats
  4 frilled lizards
  A goblin skeleton (D:7)
  3 goblin zombies (D:7)
  3 hobgoblin zombies (D:7)
  14 kobolds
  A kobold zombie (D:7)
  4 orc skeletons (D:7)
  An orc zombie (D:7)
  10 rats
878 creatures vanquished.

Vanquished Creatures (collateral kills)
  A salamander tyrant (Snake:2)
  A naga warrior (Snake:2)
  2 naga ritualists
  A mana viper (Snake:1)
  5 salamanders
  The ghost of Weaver the Covert, a novice SpEn (D:9)
  2 black mambas
  2 naga magi
  4 nagas (Snake:2)
19 creatures vanquished.

Grand Total: 897 creatures vanquished

Notes
Turn   | Place    | Note
-------+----------+-------------------------------------------
     0 | D:1      | solopath the Oni Berserker began the quest for the Orb.
     0 | D:1      | Reached XP level 1. HP: 24/24 MP: 1/1
   243 | D:1      | Reached XP level 2. HP: 19/32 MP: 2/2
   504 | D:1      | You fall into a shaft and drop 1 floor!
   784 | D:1      | Found a faded altar of an unknown god.
   831 | D:1      | Reached XP level 3. HP: 37/40 MP: 3/3
  1141 | D:2      | Reached skill level 4 in Maces & Flails
  1697 | D:3      | Reached ** piety under Trog
  1754 | D:3      | Noticed Terence
  1764 | D:3      | Killed Terence
  1765 | D:3      | Reached skill level 5 in Fighting
  1765 | D:3      | Reached XP level 4. HP: 48/50 MP: 4/4
  1774 | D:3      | Found an ornate altar of the Wu Jian Council.
  1843 | D:3      | Found a faded altar of an unknown god.
  2023 | D:3      | Reached XP level 5. HP: 51/57 MP: 5/5
  2269 | D:3      | Found a snail-covered altar of Cheibriados.
  2359 | D:3      | Reached skill level 5 in Maces & Flails
  2374 | D:3      | Found a glowing drain.
  2379 | Sewer    | Entered a sewer
  2423 | Sewer    | Reached XP level 6. HP: 67/67 MP: 2/6
  2424 | Sewer    | Noticed Pargi
  2459 | Sewer    | Killed Pargi
  2460 | Sewer    | Reached skill level 6 in Maces & Flails
  2751 | D:4      | Found a white marble altar of Elyvilon.
  2841 | D:4      | Reached skill level 1 in Throwing
  2841 | D:4      | Found an iron altar of Okawaru.
  2945 | D:4      | Reached XP level 7. HP: 69/76 MP: 7/7
  3304 | D:4      | Found a bloodstained altar of Trog.
  3313 | D:4      | Reached *** piety under Trog
  3435 | D:4      | Noticed Ijyb
  3436 | D:4      | Found a staircase to the Ecumenical Temple.
  3444 | D:4      | Killed Ijyb
  3453 | Temple   | Entered the Ecumenical Temple
  3592 | D:4      | Found a radiant altar of Vehumet.
  3633 | D:5      | Entered Level 5 of the Dungeon
  3640 | D:5      | Reached skill level 7 in Maces & Flails
  3649 | D:5      | Found Metot's Antique Armour Shoppe.
  3688 | D:5      | Reached XP level 8. HP: 31/87 MP: 8/8
  4060 | D:5      | Found a shimmering blue altar of Sif Muna.
  4400 | D:5      | Reached skill level 8 in Maces & Flails
  4978 | D:6      | Reached XP level 9. HP: 97/97 MP: 9/9
  4980 | D:6      | Found a hazy altar of Hepliaklqana.
  5010 | D:6      | Found a hide-covered altar of Uskayaw.
  5061 | D:6      | Noticed Menkaure
  5067 | D:6      | Killed Menkaure
  5068 | D:6      | Reached skill level 9 in Maces & Flails
  5295 | D:6      | Found a stormy altar of Qazlal.
  5588 | D:7      | Reached skill level 10 in Maces & Flails
  5772 | D:7      | Reached **** piety under Trog
  5773 | D:7      | Reached skill level 10 in Fighting
  6038 | D:7      | Found a glowing golden altar of the Shining One.
  6259 | D:7      | Identified the +0 robe of Modesty {rF+ Str+3 Int+3}
  6395 | D:7      | Found a blossoming altar of Fedhas.
  7020 | D:8      | Reached skill level 11 in Maces & Flails
  7020 | D:8      | Reached XP level 10. HP: 111/111 MP: 10/10
  7356 | D:8      | Found a shimmering altar of Xom.
  7380 | D:9      | Noticed Pikel
  7386 | D:9      | Killed Pikel
  7559 | D:9      | Noticed Erica
  7589 | D:9      | Killed Erica
  7590 | D:9      | Reached skill level 12 in Maces & Flails
  8069 | D:9      | Reached skill level 13 in Maces & Flails
  8135 | D:9      | Found a staircase to the Lair.
  8155 | D:9      | Reached XP level 11. HP: 34/124 MP: 11/11
  8434 | D:9      | Found a transporter.
  8438 | D:9      | Found a transporter.
  8438 | D:9      | Noticed Weaver's ghost (novice SpEn)
  8450 | D:9      | Noticed a two-headed ogre
  8458 | D:9      | Killed a two-headed ogre
  8544 | D:9      | Found a sacrificial altar of Ru.
  8649 | D:9      | Found a shadowy altar of Dithmenos.
  8801 | D:9      | Gained mutation: You possess an exceptional clarity of
                  | mind. [potion of mutation]
  8801 | D:9      | Gained mutation: A frigid envelope surrounds you and
                  | freezes all who hurt you. [potion of mutation]
  8801 | D:9      | Gained mutation: Your mind is acute. (Int +4, Str/Dex -1)
                  | [potion of mutation]
  8801 | D:9      | Gained mutation: You are partially covered in iridescent
                  | scales. (AC +2) [potion of mutation]
  8824 | D:9      | Killed Weaver's ghost
  8841 | D:9      | Reached skill level 14 in Maces & Flails
  9084 | D:10     | Entered Level 10 of the Dungeon
  9090 | D:10     | Noticed a soul eater
  9100 | D:10     | Killed a soul eater
  9558 | D:10     | Noticed a two-headed ogre
  9563 | D:10     | Killed a two-headed ogre
  9694 | D:10     | Reached skill level 15 in Maces & Flails
  9719 | D:10     | Found a basalt altar of Yredelemnul.
  9972 | D:10     | Noticed a two-headed ogre
  9981 | D:10     | Killed a two-headed ogre
  9982 | D:10     | Reached XP level 12. HP: 125/140 MP: 9/12
 10350 | D:11     | Reached ***** piety under Trog
 10865 | D:12     | Found Lijases's Armour Shop.
 10935 | D:12     | Noticed Kirke
 10948 | D:12     | Noticed Fannar
 10995 | D:12     | Noticed a sphinx
 11014 | D:12     | Killed Kirke
 11015 | D:12     | Reached skill level 15 in Fighting
 11015 | D:12     | Reached skill level 5 in Throwing
 11042 | D:12     | Found Syenerea's Magic Scroll Shop.
 11057 | D:12     | Reached skill level 16 in Maces & Flails
 11057 | D:12     | Found Nedaff's Weapon Shop.
 11060 | D:12     | Bought a scroll of fear for 48 gold pieces
 11060 | D:12     | Bought a scroll of blinking for 90 gold pieces
 11060 | D:12     | Bought a scroll of torment for 114 gold pieces
 11060 | D:12     | Bought a scroll of enchant armour for 90 gold pieces
 11132 | D:12     | Killed Fannar
 11270 | D:12     | Found Achyung's General Store.
 11509 | D:12     | Found a staircase to the Orcish Mines.
 11590 | D:12     | Found Xaguarph Topo's Book Boutique.
 11957 | D:13     | Reached skill level 1 in Armour
 11960 | D:13     | Noticed a boulder beetle
 11995 | D:13     | Killed a boulder beetle
 12070 | D:13     | Reached XP level 13. HP: 74/152 MP: 10/13
 12448 | D:13     | Noticed Urug
 12466 | D:13     | Killed Urug
 12746 | D:13     | Received a gift from Trog
 12981 | D:13     | Reached skill level 17 in Maces & Flails
 13108 | Lair:1   | Entered Level 1 of the Lair of Beasts
 14191 | Lair:2   | Reached skill level 18 in Maces & Flails
 14239 | Lair:2   | Reached skill level 5 in Armour
 14530 | Lair:2   | Found a staircase to the Shoals.
 15015 | Lair:3   | Reached XP level 14. HP: 146/162 MP: 11/14
 15323 | Lair:3   | Received a gift from Trog
 15376 | Lair:3   | Found a staircase to the Snake Pit.
 15392 | Lair:3   | Reached skill level 19 in Maces & Flails
 15807 | Lair:4   | Found a staircase to the Slime Pits.
 15808 | Lair:4   | Found a viscous altar of Jiyva.
 16162 | Lair:4   | Found the +4 skin of Zhor {*Englaciate rC+++ SInv}
 16424 | Lair:5   | Entered Level 5 of the Lair of Beasts
 16495 | Lair:5   | Found a dark tunnel.
 16500 | Volcano  | Entered a volcano
 16664 | Volcano  | Found a radiant altar of Vehumet.
 16908 | Volcano  | Reached skill level 20 in Maces & Flails
 16908 | Volcano  | Reached XP level 15. HP: 138/170 MP: 15/15
 16909 | Volcano  | Reached XP level 16. HP: 146/179 MP: 16/16
 17437 | Lair:5   | Identified a scroll of acquirement
 17443 | Lair:5   | Acquired the +2 hat "Kaideir" {rC+}
 17615 | Lair:5   | Reached ****** piety under Trog
 17736 | Lair:5   | Received a gift from Trog
 17757 | Lair:5   | Reached XP level 17. HP: 102/187 MP: 10/17
 17830 | Lair:5   | Identified the +5 dagger "Effiosix" {flame, rF+ MP+9}
 18244 | Orc:1    | Entered Level 1 of the Orcish Mines
 18445 | Orc:2    | Entered Level 2 of the Orcish Mines
 18964 | Orc:2    | Found a staircase to the Elven Halls.
 19073 | Orc:2    | Found Pobla's Antique Armour Shoppe.
 19092 | Orc:2    | Reached skill level 21 in Maces & Flails
 19112 | Orc:2    | Received a gift from Trog
 19291 | Orc:2    | Found Wymelyline's Weapon Shoppe.
 19296 | Orc:2    | Found Arek Uco's Assorted Antiques.
 19305 | Orc:2    | Found Paelleh's Antique Armour Boutique.
 19391 | Orc:2    | Bought a potion of curing for 99 gold pieces
 19391 | Orc:2    | Bought a potion of haste for 330 gold pieces
 20041 | D:13     | Found a gate to the Vaults.
 20834 | D:15     | Entered Level 15 of the Dungeon
 20852 | D:15     | Reached skill level 10 in Throwing
 20875 | D:15     | Found a blossoming altar of Fedhas.
 21113 | D:15     | Noticed Agnes
 21120 | D:15     | Killed Agnes
 21658 | D:15     | Found a staircase to the Depths.
 21778 | D:15     | Upgraded the game from 0.31.0 to 0.31.0-2-g5a2aebc5c2
 22040 | Snake:1  | Entered Level 1 of the Snake Pit
 22109 | Snake:1  | Identified the +8 giant spiked club of Disgust {antimagic,
                  | *Rage rElec rF+++ rC+} (Trog gifted it to you on level 1 of
                  | the Snake Pit)
 22109 | Snake:1  | Received a gift from Trog
 22139 | Snake:1  | HP: 9/192 [poisoned by a guardian serpent (bolt of poison)]
 22413 | Snake:1  | Reached skill level 22 in Maces & Flails
 22729 | Snake:1  | Identified the +1 leather armour of Spaghetti {rPois
                  | Regen+}
 22765 | Snake:1  | Reached XP level 18. HP: 204/204 MP: 6/18
 23290 | Snake:2  | Found Woupuf's Antique Armour Shop.
 23305 | Snake:2  | Found a glacial archway.
 23318 | Snake:2  | Bought a pitted cloak for 408 gold pieces
 23318 | Snake:2  | Identified the +2 cloak of the Little Devil {rPois rF+++
                  | rC+ Int+3} (You bought it in a shop on level 2 of the Snake
                  | Pit)
 23344 | Snake:2  | You fall into a shaft and drop 1 floor!
 23349 | Snake:2  | Found Lap Qesm's Distillery.
 23350 | Snake:2  | Found Oclum's Assorted Antiques.
 23356 | Snake:1  | HP: 9/204 [black mamba (4)]
 23482 | IceCv    | Entered an ice cave
 23623 | IceCv    | Received a gift from Trog
 24032 | IceCv    | Noticed an Ice Fiend
 24067 | IceCv    | Killed an Ice Fiend
 24347 | Snake:2  | Found Durhon's Assorted Antiques.
 24390 | Snake:2  | Bought a potion of curing for 105 gold pieces
 24393 | Snake:2  | Bought a potion of curing for 42 gold pieces
 24393 | Snake:2  | Bought a potion of heal wounds for 70 gold pieces
 24413 | Snake:2  | Found Puorucs's Magic Scroll Shoppe.
 24416 | Snake:2  | Bought a scroll of revelation for 105 gold pieces
 24416 | Snake:2  | Bought a scroll of blinking for 105 gold pieces
 24416 | Snake:2  | Bought a scroll of blinking for 105 gold pieces
 24619 | Snake:2  | Found Abiwkilol's Book Boutique.
 24619 | Snake:2  | Found Monymung's Jewellery Shoppe.
 24620 | Snake:2  | Found Zewuaqaa's Book Boutique.
 24849 | Snake:3  | Received a gift from Trog
 24993 | Snake:3  | Reached skill level 5 in Evocations
 24996 | Snake:3  | Reached skill level 10 in Armour
 25818 | Snake:4  | Entered Level 4 of the Snake Pit
 26009 | Snake:4  | Found Baqiphisez's Firing Range.
 26036 | Snake:4  | Bought 2 large rocks for 48 gold pieces
 26036 | Snake:4  | Bought 5 curare-tipped darts for 96 gold pieces
 26145 | Snake:4  | Noticed Vashnia
 26180 | Snake:4  | Killed Vashnia
 26191 | Snake:4  | Reached XP level 19. HP: 91/218 MP: 9/19
 26750 | Snake:4  | Identified the +2 giant club of Niapac {flame, rC+} (Trog
                  | gifted it to you on level 4 of the Snake Pit)
 26750 | Snake:4  | Received a gift from Trog
 27611 | Snake:4  | Received a gift from Trog
 27681 | Snake:4  | HP: 2/331 [nagaraja/+0 flail (22)]
 27681 | Snake:4  | Slain by a naga

Illustrated notes

Levels and vault maps discovered:
D:1:      dpeg_arrival_chambers_temple_mockup, layout_basic,
          ebering_ecumenical_altar_petrified, amcnicky_mini_pool_small
D:2:      layout_loops_ring, minmay_misc_feat_alley, serial_bayou_crossing
D:3:      layout_loops_ring, nicolae_overflow_ecumenical_swirl,
          nicolae_wu_jian_wuxing_cycle, portal_sewer_entry_e, uniq_terence
D:4:      layout_basic, trog_hazing_becter, lemuel_tele_altar,
          mainiacjoe_overflow_alcove_2, mainiacjoe_overflow_alcove_4,
          temple_hall, uniq_ijyb
D:5:      layout_cave_pools, nicolae_sif_muna_condensation, serial_rivers,
          chequers_serial_rivers_room_b, chequers_serial_rivers_small_3,
          chequers_serial_rivers_marsh, chequers_serial_rivers_small_b,
          chequers_serial_rivers_micro_a, serial_shops, nicolae_shop_stone,
          chequers_serial_rivers_room_a
D:6:      layout_rooms, mainiacjoe_overflow_chevrons, amcnicky_altar_gilded,
          nicolae_qazlal_general_emergency, uniq_menkaure
D:7:      layout_loops_ring, nicolae_tso_besieged_by_evil, lemuel_round_altar
D:8:      layout_rooms, kennysheep_mini, grunt_decor_fettered,
          kennysheep_generic_room_9
D:9:      layout_cave_pools, grunt_dithmenos_smoke,
          mainiacjoe_overflow_cross_hatched, david_lair_shrubbed,
          gammafunk_ghost_hive, uniq_erica, uniq_pikel
D:10:     layout_long_grid, lemuel_zombie_altar_yredelemnul, serial_demonic,
          serial_demonic_g, serial_demonic_c, serial_demonic_d, serial_demonic_b
D:11:     layout_basic
D:12:     layout_rooms, orc_0_dummy, serial_shops, shop_statue, shop,
          nicolae_shop_advertising_works [nicolae_subvault_shop_adworks], shop,
          shop_statue, minivault_8, uniq_kirke, uniq_fannar
D:13:     layout_loops_ring, skrybe_vaults_entry_preservation, uniq_urug
D:14:     layout_rooms, serial_curves, eino_curves_03, eino_curves_04,
          minmay_misc_feat_tower, kennysheep_generic_room_11
D:15:     gammafunk_enter_depths_forms, layout_cave_pools,
          fedhas_altar_fruit_tree, drop_trap, uniq_agnes
Temple:   hellmonk_temple_two_chambers
Lair:1:   layout_gridlike, chequers_serial_rivers_marsh, lemuel_fruit_tree
Lair:2:   layout_roguey, minmay_shoals_entry_beasts, serial_rivers,
          chequers_serial_rivers_small_a, chequers_serial_rivers_small_a,
          chequers_serial_rivers_micro_c, chequers_serial_rivers_micro_d,
          chequers_serial_rivers_micro_d, grunt_megastairs_4
Lair:3:   layout_big_grid, guppyfry_snake_entry_island,
          chequers_serial_rivers_small_a
Lair:4:   layout_cave_pods, nicolae_slime_entry_field_trip,
          hellmonk_guarded_unrand_zhor
Lair:5:   grunt_lair_end_beastmaster, layout_regular_city, enter_volcano_4,
          nicolae_quartered_pool_little, serial_bayou_lake_a
Snake:1:  layout_gridlike, nicolae_letterblocks [nicolae_letter_subblock,
          nicolae_letter_subblock, nicolae_letter_subblock,
          nicolae_letter_subblock, nicolae_letter_subblock,
          nicolae_letter_subblock, nicolae_letter_subblock,
          nicolae_letter_subblock, nicolae_letter_subblock,
          nicolae_letter_subblock, nicolae_letter_subblock,
          nicolae_letter_subblock, nicolae_letter_subblock,
          nicolae_letter_subblock, nicolae_letter_subblock,
          nicolae_letter_subblock, nicolae_letter_subblock,
          nicolae_letter_subblock, nicolae_letter_subblock,
          nicolae_letter_subblock, nicolae_letter_subblock,
          nicolae_letter_subblock, nicolae_letter_subblock,
          nicolae_letter_subblock, nicolae_letter_subblock]
Snake:2:  layout_onion_interference, serial_shops, nicolae_shop_window_shopping,
          shop, shop, nicolae_shop_tiny_statue_garden,
          portal_ice_cave_entry_pillars_2, nicolae_stop_n_shop_2,
          minmay_shop_grove, serial_bayou_shore_b
Snake:3:  layout_gridlike
Snake:4:  minmay_snake_end_coiled, layout_cave_town, nicolae_shop_firing_range,
          uniq_vashnia
Orc:1:    layout_caves
Orc:2:    st_orc_elflike, layout_caves, nicolae_orc_seminary

Skill      XL: |  1  2  3  4  5  6  7  8  9 10 11 12 13 14 15 16 17 18 19 |
---------------+----------------------------------------------------------+-----
Maces & Flails | 4 5 6 7 8 11 13 15 16 18 20 22 | 22.0
Fighting       | 5 6 7 8 10 12 14 15 16 18 19 20 | 20.6
Throwing       | 1 2 4 5 7 8 10 12 | 12.0
Armour         | 1 5 7 8 10 11 | 11.5
Evocations     | 2 3 6 7 |  7.4
Dodging        | |  2.6

Action                     |  1- 3 |  4- 6 |  7- 9 | 10-12 | 13-15 | 16-18 | 19-21 || total
---------------------------+-------+-------+-------+-------+-------+-------+-------++-------
  Melee: Mace              |    88 |   115 |   223 |       |       |       |       ||   426
         Headbutt          |    11 |    18 |    59 |   102 |    60 |   116 |    35 ||   401
         Punch             |     1 |       |     8 |     5 |       |       |       ||    14
         Hand axe          |       |       |    99 |   122 |       |       |       ||   221
         Whip              |       |       |       |   313 |    48 |       |       ||   361
         Unarmed           |       |       |       |     1 |       |       |       ||     1
         Giant club        |       |       |       |    28 |       |       |       ||    28
         Giant spiked club |       |       |       |       |   272 |   705 |   169 ||  1146
  Throw: Javelin           |       |       |     9 |     5 |     5 |       |    10 ||    29
         Large rock        |       |       |     4 |       |     4 |    17 |    20 ||    45
         Dart              |       |       |       |     2 |       |       |       ||     2
         Throwing net      |       |       |       |       |       |     1 |       ||     1
 Invoke: Berserk           |     1 |     3 |    10 |    17 |     5 |     9 |     1 ||    46
         Brothers in Arms  |       |       |       |     1 |       |     3 |       ||     4
         Trog's Hand       |       |       |       |     1 |       |     2 |       ||     3
  Evoke: Wand              |       |       |       |       |       |     1 |       ||     1
         Phial of floods   |       |       |       |       |       |     1 |       ||     1
    Use: Scroll            |     5 |       |     2 |     7 |     7 |     8 |     2 ||    31
         Potion            |       |     1 |     4 |     4 |     2 |     3 |       ||    14
   Stab: Petrified         |       |       |       |       |       |     2 |       ||     2
         Fleeing           |       |       |       |       |       |       |     1 ||     1
 Armour: Animal skin       |    67 |   125 |   228 |       |       |       |       ||   420
         Robe              |       |       |     8 |   301 |    88 |     9 |       ||   406
         Skin              |       |       |       |     2 |       |       |       ||     2
         Troll leather arm |       |       |       |       |   187 |   739 |   203 ||  1129
  Dodge: Dodged            |    41 |    86 |   254 |   315 |   163 |   254 |    74 ||  1187
